 Dungeon Crawl Stone Soup version 0.31-a0-981-geadf994542 (webtiles) character file.

Game seed: 5441097477883781274

146 AIAndy the Ruffian (level 5, -2/33 HPs)
             Began as an Octopode Shapeshifter on Nov 1, 2023.
             Slain by a gnoll
             ... wielding a +0 halberd
              (16 damage)
             ... on level 4 of the Dungeon.
             The game lasted 00:03:51 (2200 turns).

AIAndy the Ruffian (Octopode Shapeshifter)          Turns: 2200, Time: 00:03:52

Health: -2/33      AC:  1    Str: 15    XL:     5   Next: 28%
Magic:  5/5        EV: 13    Int: 13    God:
Gold:   214        SH:  0    Dex: 11    Spells: 4/4 levels left

rFire   . .          .
                       - Unarmed
rCold   . . .        (no shield)
rNeg    . . .        (helmet currently unavailable)
rPois   .            (no amulet)
rElec   .            R - ring of resist corrosion
rCorr   +            (no ring)
SInv    .            (no ring)
Will    .....        (no ring)
Stlth   ++           (no ring)
HPRegen 0.25/turn    (no ring)
MPRegen 0.09/turn    (no ring)
                     (no ring)

%: no passive effects
@: beast-form
A: beast (slay +2), almost no armour, amphibious, 8 rings, camouflage 1,
gelatinous body 1, (nimble swimmer 1), tentacles
a: Begin Untransformation


You were on level 4 of the Dungeon.
You were a hulking beast.
You visited 1 branch of the dungeon, and saw 4 of its levels.

You collected 214 gold pieces.


Innate Abilities, Weirdness & Mutations

You are a hulking beast.
Your limbs bulge with bestial killing power. (Slay +2)
You cannot wear most types of armour.
You are amphibious.
You can wear up to eight rings at the same time.
Your skin changes colour to match your surroundings (Stealth+).
Your rubbery body absorbs attacks. (AC +1, EV +1)
((You are camouflaged when in or above water. (Stealth+)))
You have tentacles for arms and can constrict up to eight enemies at once.


   Skills:
 - Level 1.0 Fighting
 - Level 2.0 Dodging
 + Level 4.6 Unarmed Combat
 + Level 4.3 Shapeshifting


You had 4 spell levels left.
You didn't know any spells.
Your spell library was empty.

Inventory:

Hand Weapons
 f - a +1 short sword of freezing
Jewellery
 F - a ring of fire
 R - a ring of resist corrosion (left tentacle)
Talismans
 b - a beast talisman
 c - a flux talisman
Scrolls
 d - a scroll of noise {unknown}
 g - 6 scrolls of identify {unknown}
 i - a scroll of vulnerability {unknown}
 j - 3 scrolls of teleportation {unknown}
 k - 2 scrolls of fog {unknown}
 m - a scroll of blinking {unknown}
Potions
 a - a potion of lignification {!q}
 e - 2 potions of attraction {unknown}
 h - 2 potions of curing {unknown}
 l - 2 potions of degeneration {unknown}
 n - 2 potions of mutation {unknown}

Dungeon Overview and Level Annotations

Branches:
Dungeon (4/15)
 Temple: D:4-7

Altars:
Ashenzari
Sif Muna

Shops:
D:3

= .# ## .#
##.##### .#
##......## .#
#........##.#
..........#.#
#...>.......######
......)gh.<.......
#....g.....######.
##....gg..##
##......##
.?........
###....##.# #####
.# .# .#


You could see 4 gnolls.


Message History

You kill the ball python!
No target in view!
No target in view!
You now have 214 gold pieces (gained 15).
There is a broken altar of Ashenzari here.
There is a broken altar of Ashenzari here.
You see here a +0 robe.
There is an open door here.
Done exploring.
Search for what [Enter for "altar", or ? for help]? altar
There is a stone staircase leading down here.
You climb downwards.
The gnoll shouts! x2; You hear a shout! x2
Found a glowing flail.
Found an escape hatch in the floor.
There is a stone staircase leading up here. 2 gnolls come into view.
The gnoll shouts!
Found a scroll labelled ZAIH YMYTACOZU.
The gnoll closely misses you. The gnoll hits you with a +0 halberd.
You closely miss the gnoll. You grab the gnoll.
You constrict the gnoll, but do no damage.
You bludgeon the gnoll!
The gnoll is severely wounded.
You constrict the gnoll.
The gnoll hits you from afar with a +0 halberd!
The gnoll closely misses you. The gnoll hits you with a +0 whip.
* * * LOW HITPOINT WARNING * * *
You release your grip on the gnoll.
The gnoll hits you from afar with a +0 halberd!
You die...

Skill      XL: |  1  2  3  4 |
---------------+-------------+-----
Unarmed Combat | 4 |  4.6
Shapeshifting  | 4 |  4.3
Fighting       | |  1.0
Dodging        | |  2.0

Action                     |  1- 3 |  4- 6 || total
---------------------------+-------+-------++-------
  Melee: Unarmed           |    90 |    37 ||   127
         Constrict         |    21 |     7 ||    28
         Tentacles         |     7 |     5 ||    12
         Punch             |       |     1 ||     1
   Stab: Sleeping          |    10 |     3 ||    13
         Distracted        |       |     1 ||     1
 Armour: Skin              |    22 |    20 ||    42
  Dodge: Dodged            |    46 |    16 ||    62

Levels and vault maps discovered:
D:1:      sevenhm_arrival_forest_fort_small_6, layout_loops_cross
D:2:      layout_loops_ring, minmay_randomly_rotated_circles
D:3:      layout_basic, lemuel_round_altar, amcnicky_altar_gilded, serial_shops,
          nicolae_shop_pleasant_corner_grove
D:4:      gammafunk_steamed_eel, layout_loops_ring

Notes
Turn   | Place    | Note
-------+----------+-------------------------------------------
     0 | D:1      | AIAndy the Octopode Shapeshifter began the quest for the
                  | Orb.
     0 | D:1      | Reached XP level 1. HP: 13/13 MP: 1/1
   108 | D:1      | Reached XP level 2. HP: 18/18 MP: 2/2
   352 | D:1      | Reached XP level 3. HP: 23/23 MP: 3/3
  1063 | D:2      | Reached skill level 4 in Unarmed Combat
  1063 | D:2      | Reached XP level 4. HP: 28/28 MP: 4/4
  1492 | D:3      | Reached skill level 4 in Shapeshifting
  1507 | D:3      | Found a shimmering blue altar of Sif Muna.
  1742 | D:3      | Found Fotaulan's Jewellery Shop.
  1884 | D:3      | Reached XP level 5. HP: 29/33 MP: 5/5
  2029 | D:3      | Found a broken altar of Ashenzari.
  2200 | D:4      | Slain by a gnoll

Vanquished Creatures
  2 orc priests (D:3)
  An adder (D:3)
  A worm (D:2)
  3 dart slugs
  4 orcs (D:3)
  6 bats
  4 endoplasms
  3 giant cockroaches
  6 goblins
  7 hobgoblins
  3 jackals (D:2)
  2 quokkas
  6 ball pythons
  5 frilled lizards
  6 kobolds
  6 rats
65 creatures vanquished.

Table legend: (Time is in decaauts)
 A = Elapsed time spent in this place.
 B = Non-inter-level travel time spent in this place.
 C = Inter-level travel time spent in this place.
 D = Time resting spent in this place.
 E = Time spent auto-exploring this place.
 F = Levels seen in this place.
 G = Mean time per level.
                   A        B        C        D        E       F      G
               +--------+--------+--------+--------+--------+-----+--------+
         Total |   2191 |   2143 |     48 |      0 |   1746 |   4 |  547.8 |
       Dungeon |   2191 |   2143 |     48 |      0 |   1746 |   4 |  547.8 |
               +--------+--------+--------+--------+--------+-----+--------+

Top non-repeatable levels by time:
     D:3: 742 daAuts
     D:2: 736 daAuts
     D:1: 706 daAuts
     D:4: 5 daAuts

Table legend:
 A = Non-vault XP
 B = Vault XP
 C = Vault XP percentage of total XP
 D = Non-vault monster count
 E = Vault monster count
 F = Vault count percentage of total count
                 A         B        C        D         E       F
            +---------+---------+-------+---------+---------+-------
      Total |     196 |      13 |   6.2 |      59 |       6 |   9.2
            +---------+---------+-------+---------+---------+-------
        D:1 |      53 |       0 |   0.0 |      33 |       0 |   0.0
        D:2 |      26 |      13 |  33.3 |      13 |       6 |  31.6
        D:3 |     117 |       0 |   0.0 |      13 |       0 |   0.0
            +---------+---------+-------+---------+---------+-------
